 Seeded DCSS version 0.29.1-13-g9f3cf754e1 (webtiles) character file.

Game seed: 18334199546629406935 (custom seed)

842 mathmaestro the Scholar of Death (level 7, -2/53 HPs)
             Began as a Demonspawn Necromancer on Jan 25, 2023.
             Was a Follower of Kikubaaqudgha.
             Slain by an orc priest
             ... wielding a +0 war axe
              (4 damage)
             ... on level 5 of the Dungeon.
             The game lasted 00:12:44 (4912 turns).

mathmaestro the Scholar of Death (DsNe)             Turns: 4912, Time: 00:12:44

Health: -2/53      AC:  5    Str: 14    XL:     7   Next: 67%
Magic:  1/12       EV: 13    Int: 18    God:    Kikubaaqudgha [*.....]
Gold:   272        SH:  0    Dex: 14    Spells: 3/13 levels left

rFire   . . .      SeeInvis .   p - +4 flail (protect)
rCold   . . .      Faith    .   (no shield)
rNeg    . . .      Spirit   .   a - +0 robe
rPois   .          Reflect  .   (helmet restricted)
rElec   .          Harm     .   r - +0 cloak
rCorr   .          Rampage  .   l - +0 pair of gloves
Will    .....                   (no boots)
Stlth   +++.......              (no amulet)
HPRegen 0.17/turn               g - +6 ring of strength
MPRegen 0.26/turn               z - ring of flight

@: animating dead, flying
A: antennae 1, rugged brown scales 1, powered by death 1, magic regeneration
a: Renounce Religion, Unearth Wretches


You were on level 5 of the Dungeon.
You worshipped Kikubaaqudgha.
Kikubaaqudgha was aware of your devotion.
You visited 1 branch of the dungeon, and saw 5 of its levels.
You also visited: Sewer.

You collected 272 gold pieces.

Inventory:

Hand Weapons
 p - a +4 flail of protection (weapon)
Missiles
 d - 2 boomerangs
 C - a javelin (quivered)
Armour
 a - a +0 robe (worn)
 l - a +0 pair of gloves (worn)
 r - a +0 cloak (worn)
Jewellery
 g - a +6 ring of strength (left hand)
 z - a ring of flight (right hand)
Scrolls
 e - a scroll of identify
 f - a scroll of fear
 k - 2 scrolls of teleportation
 m - a scroll of poison {unknown}
 o - a scroll of blinking {unknown}
 q - 3 scrolls of magic mapping
 v - a scroll of amnesia {unknown}
 x - a scroll of enchant armour {unknown}
 y - 3 scrolls of fog
 A - 2 scrolls of immolation
 B - a scroll of enchant weapon {unknown}
Potions
 b - a potion of magic
 c - 3 potions of curing
 h - 2 potions of haste {unknown}
 i - 3 potions of might {unknown}
 j - 3 potions of degeneration {unknown}
 n - a potion of flight {unknown}
 s - 2 potions of heal wounds {unknown}
 t - a potion of cancellation {unknown}
 u - a potion of mutation {unknown}
 w - a potion of invisibility {unknown}
 D - a potion of berserk rage {unknown}
 E - 2 potions of lignification {unknown}


   Skills:
 + Level 3.6 Fighting
 + Level 3.9 Dodging
 + Level 4.2 Stealth
 + Level 3.9 Spellcasting
 + Level 6.1 Necromancy


You had 3 spell levels left.
You knew the following spells:

 Your Spells              Type           Power      Damage    Failure   Level
a - Necrotise             Necr           100%       1d9       1%          1
b - Vampiric Draining     Necr           25%        2d7       3%          3
c - Animate Dead          Necr           25%        N/A       12%         4
d - Sublimation of Blood  Necr           25%        N/A       1%          2

Your spell library contained the following spells:

 Spells                   Type           Power      Damage    Failure   Level
 Slow                     Hex            12%        N/A       16%         1
 Confusing Touch          Hex            3%         N/A       41%         3
 Agony                    Necr           25%        N/A       32%         5


Dungeon Overview and Level Annotations

Branches:
Dungeon (5/15)              Sewer (visited)
 Temple: D:4-7

Altars:
Kikubaaqudgha


Innate Abilities, Weirdness & Mutations

You have a pair of small antennae on your head.
You are partially covered in rugged brown scales. (AC +1, +3% HP)
You regenerate a little health from kills.
You regenerate magic rapidly.


Message History

Unknown command.
A gnoll comes into view. It is wielding a +0 club.
The orc wizard closely misses you.
Your troll zombie barely misses the orc wizard.
Your troll zombie closely misses the orc wizard.
Your troll zombie barely misses the orc wizard.
Unknown command.
The orc wizard hits you but does no damage.
Unknown command.
The orc priest closely misses you.
The orc priest barely misses your gnoll zombie.
The orc wizard hits you with a +0 dagger.
The orc wizard hits you but does no damage.
Unknown command.
You feel less confused.
Your gnoll zombie barely misses the orc wizard.
The orc priest hits you with a +0 war axe.
The orc priest completely misses your troll zombie.
The orc priest hits your gnoll zombie with a +0 war axe.
Your gnoll zombie is destroyed!
The orc wizard closely misses you. The orc wizard casts a spell at you.
The magic dart hits you!
* * * LOW HITPOINT WARNING * * *
Casting: Vampiric Draining (dangerous; 3% risk of failure)
Confirm with . or Enter, or press ? or * to list all spells.
Aiming: Vampiric Draining (dangerous; 3% risk of failure)
Press: ? - help, Shift-Dir - straight line, f - orc wizard
Aim: an orc wizard, wielding a +0 dagger and wearing a +1 robe of the Archmagi (moderately wounded)
You draw life force from the orc wizard!
You feel life coursing into your body.
Your troll zombie bites you!
* * * LOW HITPOINT WARNING * * *
Your troll zombie claws you.
* * * LOW HITPOINT WARNING * * *
Your troll zombie claws you.
* * * LOW HITPOINT WARNING * * *
The orc wizard closely misses you.
The orc priest hits you with a +0 war axe.
You die...
Kikubaaqudgha rasps: "You have failed me!
Welcome... death!"

######### #.# ## ........##
######.##<# #.......#
#.........# ##
.#.......###.####..###....
.......<...#............#
...........#.......##.###
#..###..............# ..
.................#..######
#.####..o@Z###...........#
......g..oo+ ##.#.##.....#
......>..).# #......#).#.#
#...#....## #..#....).#.#
#.......##.#..###....#.#
####..........#.........#..
..#####..).####.####<.#.###
#.#.....o((.....#####......
#.#.###..####.........#[##.


You could see an orc priest, 2 orc wizards, a gnoll, an orc (distracted) and a
friendly troll zombie (confused).

Vanquished Creatures
  A troll (D:5)
  An ogre (D:4)
  A phantom (D:5)
  2 bullfrogs (Sewer)
  A jelly (D:4)
  A hound (D:5)
  An orc wizard (D:5)
  A river rat (Sewer)
  8 adders
  6 gnolls
  An ufetubus (D:4)
  The ghost of croobank the Sneak, a weakling DgDe (D:4)
  2 dart slugs
  10 orcs
  9 endoplasms
  2 giant cockroaches
  2 goblins
  3 hobgoblins
  3 quokkas
  16 ball pythons
  4 bats
  A frilled lizard (Sewer)
  4 kobolds
  23 rats
104 creatures vanquished.

Vanquished Creatures (collateral kills)
  A gnoll (D:5)
  A worm (D:3)
  4 ball pythons
  A frilled lizard (Sewer)
  5 rats
12 creatures vanquished.

Vanquished Creatures (others)
  2 gnoll zombies (D:5)
  3 orc zombies
  A withered plant (D:4)
6 creatures vanquished.

Grand Total: 122 creatures vanquished

Notes
Turn   | Place    | Note
-------+----------+-------------------------------------------
     0 | D:1      | mathmaestro the Demonspawn Necromancer began the quest for
                  | the Orb.
     0 | D:1      | Reached XP level 1. HP: 13/13 MP: 3/3
   363 | D:1      | Gained mutation: You are partially covered in rugged brown
                  | scales. (AC +1, +3% HP) [demonic ancestry]
   363 | D:1      | Reached XP level 2. HP: 14/20 MP: 3/5
  1028 | D:2      | Reached skill level 1 in Fighting
  1028 | D:2      | Reached XP level 3. HP: 25/26 MP: 0/6
  1044 | D:2      | Learned a level 3 spell: Vampiric Draining
  1508 | D:2      | You fall into a shaft and drop 1 floor!
  1561 | D:3      | Found a glowing drain.
  1587 | D:3      | Found a faded altar of an unknown god.
  1618 | Sewer    | Entered a sewer
  1848 | Sewer    | Gained mutation: You have a pair of small antennae on your
                  | head. [demonic ancestry]
  1848 | Sewer    | Reached XP level 4. HP: 30/32 MP: 4/7
  1958 | Sewer    | Learned a level 4 spell: Animate Dead
  2028 | Sewer    | Noticed a bullfrog
  2028 | Sewer    | Noticed a bullfrog
  2031 | Sewer    | Killed a bullfrog
  2031 | Sewer    | Killed a bullfrog
  2032 | Sewer    | Reached skill level 5 in Necromancy
  2032 | Sewer    | Reached XP level 5. HP: 10/39 MP: 2/9
  2667 | D:2      | Gained mutation: You regenerate magic rapidly. [demonic
                  | ancestry]
  2667 | D:2      | Reached XP level 6. HP: 42/46 MP: 6/10
  3406 | D:4      | Found an ancient bone altar of Kikubaaqudgha.
  3416 | D:4      | Became a worshipper of Kikubaaqudgha
  4084 | D:4      | Found a runed translucent door.
  4383 | D:4      | Noticed croobank's ghost (weakling DgDe)
  4404 | D:4      | Killed croobank's ghost
  4448 | D:5      | Entered Level 5 of the Dungeon
  4496 | D:5      | Gained mutation: You regenerate a little health from kills.
                  | [demonic ancestry]
  4496 | D:5      | Reached XP level 7. HP: 50/53 MP: 12/12
  4753 | D:5      | Noticed a troll
  4794 | D:4      | Reached * piety under Kikubaaqudgha
  4794 | D:4      | Received a gift from Kikubaaqudgha
  4800 | D:4      | Learned a level 2 spell: Sublimation of Blood
  4903 | D:5      | Killed a troll
  4904 | D:5      | Reached skill level 6 in Necromancy
  4912 | D:5      | HP: 2/53 [troll zombie[the player character] (1)]
  4912 | D:5      | Slain by an orc priest

Illustrated notes

Levels and vault maps discovered:
D:1:      shiori_shiawase, layout_loops_ring, st_stairs_7
D:2:      layout_basic, minmay_large_rounded_square
D:3:      layout_basic, portal_sewer_entry_a, hellmonk_ecumenical_altar_blasted
D:4:      layout_loops_corners, kiku_gazebo_garden_becter, ebering_ghost_sewer_d
D:5:      layout_basic

Skill      XL: |  1  2  3  4  5  6  7 |
---------------+----------------------+-----
Dodging        | 2 3 |  3.9
Stealth        | 2 3 4 |  4.2
Fighting       | 1 2 3 |  3.6
Spellcasting   | 3 |  3.9
Necromancy     | 5 6 |  6.1

Action                   |  1- 3 |  4- 6 |  7- 9 || total
-------------------------+-------+-------+-------++-------
Melee: Whip              |     4 |       |       ||     4
       Flail             |     5 |    72 |    15 ||    92
       Punch             |       |     1 |       ||     1
Throw: Javelin           |       |       |     3 ||     3
 Cast: Necrotise         |    72 |    44 |    12 ||   128
       Animate Dead      |       |     2 |     2 ||     4
       Vampiric Draining |       |     2 |     4 ||     6
  Use: Scroll            |     1 |     1 |     5 ||     7
       Potion            |       |       |     1 ||     1
 Stab: Sleeping          |     1 |     4 |       ||     5
Armor: Robe              |     4 |    28 |    20 ||    52
Dodge: Dodged            |    10 |    58 |    39 ||   107
